 Dungeon Crawl Stone Soup version 0.31-a0-700-gf13585253f (webtiles) character file.

Game seed: 2968088676240212717

240380 Vorhees the Metamorph (level 18, -28/244 HPs)
             Began as a Troll Shapeshifter on Sept 7, 2023.
             Was the Champion of Okawaru.
             Annihilated by an ironbound frostheart (31 damage)
             ... on level 1 of the Vaults.
             The game lasted 01:46:40 (42939 turns).

Vorhees the Metamorph (Troll Shapeshifter)         Turns: 42939, Time: 01:46:43

Health: -28/244    AC: 34    Str: 37    XL:     18   Next: 61%
Magic:  0/22       EV: 14    Int:  6    God:    Okawaru [******]
Gold:   3968       SH: 14    Dex: 11    Spells: 17/17 levels left

rFire   . .          .
                       - Unarmed
rCold   . . .        Y - +0 kite shield
rNeg    + . .        M - melded +11 gold dragon scales of a volcano {rPois rF+ rC+ MP+9 Str+3}
rPois   ∞            L - +2 hat of the Bear Spirit {Spirit, Bear, *Rage Will++}
rElec   +            D - +1 cloak of Starlight {*Dazzle EV+4 Stlth--}
rCorr   .            (gloves unavailable)
SInv    +            (boots unavailable)
Will    +++..        R - amulet of reflection Stlth
                     G - +6 ring of strength
HPRegen 1.40/turn    v - ring of see invisible
MPRegen 0.18/turn

%: random rage (20%), reflection, guardian spirit
@: statue-form, on berserk cooldown, slowed, very slow
A: slow and powerful, torment resistance 1, boosted hp, large, unfitting armour,
claws 3, regeneration 1, (shaggy fur 1), (tough skin 1)
}: 2/15 runes: barnacled, gossamer
a: Begin Untransformation, Renounce Religion, Heroism, Finesse, Duel


You were on level 1 of the Vaults.
You worshipped Okawaru.
Okawaru was exalted by your worship.
You were a living statue of rough stone.
You visited 6 branches of the dungeon, and saw 31 of its levels.
You visited 1 bazaar.
You also visited: Sewer.

You collected 4203 gold pieces.
You spent 235 gold pieces at shops.

Inventory:

Hand Weapons
 I - the +6 halberd "Xiudwimew" {freeze, rPois rC+++ Will- rCorr Str+3}
   (Okawaru gifted it to you on level 10 of the Dungeon)

   Str+3:     It affects your strength (+3).
   rC+++:     It renders you almost immune to cold.
   rPois:     It protects you from poison Will-: It decreases your willpower.
   rCorr:     It protects you from acid and corrosion.
Missiles
 c - 6 atropa-tipped darts
 o - 5 curare-tipped darts
 u - 21 poisoned darts
 z - 34 boomerangs (quivered)
 B - 53 large rocks
 J - 2 throwing nets
 T - 17 javelins
Armour
 j - a +1 cloak
 m - the +3 hat "Caloow" {Will++}
   (Okawaru gifted it to you on level 8 of the Dungeon)

   Will++:    It greatly increases your willpower.
 D - the +1 cloak of Starlight (worn) {*Dazzle EV+4 Stlth--}
   (You found it on level 1 of the Vaults)

   *Dazzle:   It may blind those who miss an attack against the wearer in melee
   combat.
   EV+4:      It affects your evasion (+4).
   Stlth--:   It makes you much less stealthy.
 L - the +2 hat of the Bear Spirit (worn) {Spirit, Bear, *Rage Will++}
   (You found it on level 4 of the Spider Nest)

   Bear:      Going berserk makes the wearer exceptionally tough, and they are
   slowed for a shorter time afterward.
   Will++:    It greatly increases your willpower.
   *Rage:     It berserks you when you make melee attacks (+20% chance).
 M - the +11 gold dragon scales of a volcano (melded) {rPois rF+ rC+ MP+9 Str+3}
   (Okawaru gifted it to you on level 2 of the Lair of Beasts)

   Str+3:     It affects your strength (+3).
   rF+:       It protects you from fire.
   rC+:       It protects you from cold.
   rPois:     It protects you from poison MP+9: It affects your magic capacity
   (+9).
 Y - a +0 kite shield (worn)
Jewellery
 a - a ring of resist corrosion
 g - a ring of willpower
 v - a ring of see invisible (right claw)
 G - a +6 ring of strength (left claw)
 O - a ring of poison resistance
 R - an amulet of reflection (around neck)
Talismans
 X - a granite talisman (active)
Wands
 b - a wand of polymorph (17)
 d - a wand of flame (33)
 i - a wand of mindburst (6)
 r - a wand of quicksilver (6)
 t - a wand of paralysis (2)
 U - a wand of digging (5)
Scrolls
 q - 5 scrolls of revelation
 x - 6 scrolls of fog
 y - 6 scrolls of amnesia
 C - a scroll of immolation
 E - a scroll of teleportation
 H - a scroll of torment
 P - 6 scrolls of identify
 V - 2 scrolls of silence
Potions
 e - 12 potions of curing
 f - 7 potions of might
 h - 3 potions of brilliance
 k - 3 potions of cancellation
 l - 7 potions of lignification
 n - 5 potions of attraction
 p - 3 potions of mutation
 s - a potion of haste
 w - 3 potions of resistance
 K - 3 potions of magic
 Q - 4 potions of enlightenment


   Skills:
 * Level 13.8 Fighting
 * Level 7.5 Throwing
 - Level 11.0 Armour
 - Level 4.7 Dodging
 - Level 7.2 Shields
 - Level 16.0 Unarmed Combat
 - Level 7.4 Invocations
 - Level 2.2 Evocations
 * Level 18.5 Shapeshifting


You had 17 spell levels left.
You didn't know any spells.
Your spell library contained the following spells:

 Spells                   Type           Power      Damage    Failure   Level
 Apportation              Tloc           0%         N/A       61%         1
 Magic Dart               Conj           0%         1d3       61%         1
 Necrotise                Necr           0%         1d4       61%         1
 Blink                    Tloc           0%         N/A       75%         2
 Cigotuvi's Dreadful Rot  Necr/Pois/Air  0%         N/A       75%         2
 Ensorcelled Hibernation  Hex/Ice        0%         N/A       75%         2
 Jinxbite                 Hex            0%         N/A       75%         2
 Lesser Beckoning         Tloc           0%         N/A       75%         2
 Passwall                 Tmut/Erth      0%         N/A       75%         2
 Searing Ray              Conj           0%         2d4       75%         2
 Static Discharge         Conj/Air       0%         2-2/arc   75%         2
 Frozen Ramparts          Ice            0%         1d1       93%         3
 Gell's Gravitas          Tloc           0%         N/A       93%         3
 Ignite Poison            Fire/Tmut/Pois 0%         N/A       93%         3
 Ozocubu's Armour         Ice            0%         N/A       93%         3
 Swiftness                Air            0%         N/A       93%         3
 Teleport Other           Tloc           0%         N/A       93%         3
 Airstrike                Air            0%         2d(0-16)  100%        4
 Anguish                  Hex/Necr       0%         N/A       100%        4
 Fulminant Prism          Conj/Hex       0%         3d5       100%        4
 Manifold Assault         Tloc           0%         N/A       100%        4
 Passage of Golubria      Tloc           0%         N/A       100%        4
 Petrify                  Tmut/Erth      0%         N/A       100%        4
 Vhi's Electric Charge    Tloc/Air       0%         N/A       100%        4
 Agony                    Necr           0%         N/A       100%        5
 Alistair's Intoxication  Tmut/Pois      0%         N/A       100%        5
 Arcjolt                  Conj/Air       0%         1d10      100%        5
 Freezing Cloud           Conj/Ice/Air   0%         6-21      100%        5
 Lee's Rapid Deconstruct  Erth           0%         3d4*      100%        5
 Metabolic Englaciation   Hex/Ice        0%         N/A       100%        5
 Yara's Violent Unravell  Hex/Tmut       0%         3d3       100%        5
 Conjure Ball Lightning   Conj/Air       0%         3x3d6     100%        6
 Eringya's Noxious Bog    Tmut/Pois      0%         4d6       100%        6
 Plasma Beam              Fire/Air       0%         2x1d10    100%        6
 Discord                  Hex            0%         N/A       100%        8
 Disjunction              Tloc           0%         N/A       100%        8
 Maxwell's Capacitive Co  Air            0%         ∞         100%        8
 Tukima's Dance           Hex            Unusable   N/A       N/A         3
 Animate Armour           Summ/Erth      Unusable   N/A       N/A         4
 Summon Lightning Spire   Summ/Air       Unusable   N/A       N/A         4
 Summon Forest            Summ/Tloc      Unusable   N/A       N/A         5
 Simulacrum               Ice/Necr       Unusable   N/A       N/A         6
 Summon Hydra             Summ           Unusable   N/A       N/A         7

Dungeon Overview and Level Annotations

Branches:
Dungeon (15/15)            Temple (0/1) D:6            Lair (5/5) D:10
 Shoals (4/4) Lair:2       Spider (4/4) Lair:2        Slime (0/5) Lair:4
    Orc (2/2) D:9             Elf (0/3) Orc:2        Vaults (1/5) D:14
 Depths (0/4) D:15          Sewer (visited)

Altars:
Cheibriados
Elyvilon
Fedhas
Gozag
Hepliaklqana
Kikubaaqudgha
Okawaru
Ru
Trog
Uskayaw
Vehumet
Wu Jian
Yredelemnul
Zin
Jiyva

Shops:
D:3 :   D:7 *   D:11 *   D:12 !   Orc:2 [*(*   Shoals:2 [

Portals:
Abyss: D:4

Annotations:
D:4 2 transporters, RandomKimchi's ghost, novice OpNe
D:7 3 runed translucent doors, naelc's ghost, novice TrFi
Lair:2 1 runed translucent door
Shoals:1 3 runed translucent doors, exclusion: ice statue, Ruadaysu's ghost, adept NaSh


Innate Abilities, Weirdness & Mutations

You are a living statue of rough stone.
Your actions are slow, but your melee attacks are powerful.
You are resistant to unholy torment.
Your maximum health is greatly increased.
Your equipment is partially melded.
You are too large for most types of armour.
You are immune to poison.
You have claws for hands.
Your natural rate of healing is unusually fast.
((You are covered in fur. (AC +1)))
((You have tough skin. (AC +1)))


Message History

The ironbound convoker points at the ironbound frostheart and mumbles some strange words.
The ironbound frostheart seems to grow stronger.
The ironbound frostheart calls freezing cold from the walls.
The frost grips you!!!
There is an open door, spattered with blood here.
Items here: )) [[[ ††††.
Unknown command.
The ironbound frostheart calls freezing cold from the walls.
The frost grips you!!
Unknown command.
Found a flux talisman.
The ice encasing you melts away.
The ironbound frostheart is no longer blind.
The ironbound frostheart touches you but does no damage.
Unknown command.
You feel much better. The ironbound frostheart touches you!
The ironbound frostheart freezes you!!
You block the ironbound frostheart's attack. x3
The ironbound frostheart touches you but does no damage.
Unknown command.
Unknown command.
You feel much better.
You block the ironbound frostheart's attack.
The ironbound frostheart misses you.
The ironbound convoker begins to recite a word of recall!
You block the ironbound frostheart's attack.
The ironbound frostheart touches you but does no damage.
The ironbound frostheart touches you! The ironbound frostheart freezes you!!
* * * LOW HITPOINT WARNING * * *
The ironbound frostheart misses you.
The ironbound frostheart's sight is seared by the starlight!
The ironbound frostheart touches you but does no damage.
The ironbound frostheart touches you!
* * * LOW HITPOINT WARNING * * *
The ironbound frostheart freezes you!!
* * * LOW HITPOINT WARNING * * *
The ironbound frostheart touches you!
* * * LOW HITPOINT WARNING * * *
The ironbound frostheart freezes you!!
You die...

********************
#.......,,,,,,,,,,,,
#.....%,,,,,,,,,,,,,
#......,,,,,,,,,,,,,
#.....,,,,,,,,,,,,,,
#....#**##********,,
#....#,#.#,,,*,*,*,,
#..pp##.#,*,*,*,****
#..8pp[#********,+,,
#..).##.#,*,*,*,**,,
#....#,#'#,,,***,+,,
#....#,,#p.,,,*,,*,,
#....#,**#..,***,*,,
#....#*,*,#.#,*,**,,
#....#,****##***,***
#....#*,*,*,*,*,**,,
#....#,*,*,,,*,*,*,,


You could see 3 ironbound frosthearts and an ironbound convoker (chanting
recall).

Vanquished Creatures
  Mlioglotl (Shoals:4)
  A sphinx (Vaults:1)
  Ilsuiw (Shoals:2)
  Roxanne (Shoals:1)
  2 vault wardens (Vaults:1)
  A frost giant (Vaults:1)
  4 ghost moths
  3 slime creatures
  4 emperor scorpions
  An ironbound preserver (Vaults:1)
  A broodmother (Lair:2)
  5 ironbound thunderhulks
  A dire elephant (Lair:5)
  3 spark wasps
  An ettin (Orc:1)
  5 merfolk javelineers
  12 merfolk impalers
  2 jiangshi (D:15)
  A fire dragon (Lair:5)
  Josephine (D:10)
  A great orb of eyes (Vaults:1)
  6 entropy weavers
  Erolcha (D:10)
  4 ogre magi (Orc:2)
  A catoblepas (Lair:5)
  5 radroaches
  8 hydras
  2 vault guards (D:14)
  5 centaur warriors
  2 ironbound frosthearts (Vaults:1)
  17 two-headed ogres
  2 merfolk avatars
  3 satyrs
  3 jorogumos
  10 boulder beetles
  3 merfolk aquamancers
  2 ghost crabs (Spider:3)
  A deep troll earth mage (D:15)
  A vampire mage (D:15)
  6 death yaks
  9 demonic crawlers
  Nergalle (Orc:1)
  Urug (Orc:1)
  6 skysharks
  Sonja (Lair:4)
  A sun moth (Spider:4)
  4 pharaoh ants
  5 orb spiders
  3 deep trolls (Vaults:1)
  11 sea snakes
  A swamp dragon (Lair:5)
  A necromancer (Vaults:1)
  17 harpies
  9 steelbarb worms
  2 deep elf pyromancers
  An orc knight (D:15)
  Pikel (D:8)
  11 ugly things
  21 wolf spiders
  2 ironbound convokers (Vaults:1)
  21 manticores
  15 fauns
  9 merfolk sirens
  An orc sorcerer (D:15)
  13 elephants
  A salamander (shapeshifter) (D:15)
  2 moths of wrath
  11 cyclopes
  A water nymph (D:6)
  Maurice (D:8)
  11 black mambas
  2 vault sentinels (Vaults:1)
  Maggie (D:10)
  3 gargoyles
  5 torpor snails
  11 cane toads
  4 rime drakes
  A kobold demonologist (D:9)
  An unseen horror (D:12)
  An efreet (D:15)
  4 yaktaurs (Vaults:1)
  16 komodo dragons
  2 tengu conjurers (D:14)
  2 trolls
  8 meliai
  A polar bear (Lair:3)
  5 tyrant leeches (Spider:3)
  2 hornets (Lair:1)
  33 merfolk
  9 wind drakes
  15 tarantellas
  12 blink frogs
  8 snapping turtles
  A raiju (shapeshifter) (D:15)
  10 dream sheep
  24 jumping spiders
  10 water elementals
  3 centaur simulacra (D:15)
  22 culicivoras
  4 shadows
  6 wraiths
  6 wyverns
  24 yaks
  Eustachio (D:5)
  A spriggan (Lair:3)
  6 vampires
  3 humans
  6 basilisks
  11 vampire mosquitoes
  A steam dragon (D:6)
  48 redbacks
  Edmund (D:5)
  2 wargs
  3 acid dragons (Lair:5)
  Pargi (Sewer)
  15 water moccasins
  Duvessa (D:6)
  14 orc warriors
  2 swamp drakes (Lair:5)
  3 sky beasts
  3 ice beasts
  3 black bears
  16 wolves
  27 ogres
  22 centaurs
  3 phantoms
  2 lemures (D:8)
  2 kobold brigands
  10 bullfrogs
  2 scorpions (D:9)
  A gnoll sergeant (D:9)
  8 wights
  Dowan (D:6)
  5 killer bees
  2 howler monkeys (D:8)
  2 electric eels (Lair:1)
  4 hounds
  3 jellies
  11 orc priests
  2 sleepcaps
  Ijyb (D:3)
  2 gnoll boudas
  7 iguanas
  18 orc wizards
  Natasha (thrice) (D:3)
  7 hell rats (Lair:4)
  16 gnolls
  11 adders
  A river rat (D:4)
  2 shadow imps
  2 white imps
  7 worms
  A dart slug (D:10)
  55 orcs
  7 ball pythons
  8 bats
  10 endoplasms
  14 giant cockroaches
  7 goblins
  11 hobgoblins
  4 jackals (D:5)
  7 quokkas
  13 frilled lizards
  18 kobolds
  7 rats
1071 creatures vanquished.

Vanquished Creatures (others)
  Nikola (Shoals:3)
  A merfolk impaler (Shoals:4)
  2 starspawn tentacles (Shoals:4)
4 creatures vanquished.

Grand Total: 1075 creatures vanquished

Notes
Turn   | Place    | Note
-------+----------+-------------------------------------------
     0 | D:1      | Vorhees the Troll Shapeshifter began the quest for the Orb.
     0 | D:1      | Reached XP level 1. HP: 18/18 MP: 0/0
   109 | D:1      | Reached XP level 2. HP: 14/26 MP: 1/1
   250 | D:1      | Reached skill level 1 in Fighting
   359 | D:1      | Reached XP level 3. HP: 19/33 MP: 2/2
   525 | D:2      | Found a faded altar of an unknown god.
   603 | D:2      | Found an iron altar of Okawaru.
   651 | D:2      | Became a worshipper of Warmaster Okawaru
   699 | D:2      | Reached XP level 4. HP: 28/41 MP: 3/3
  1347 | D:3      | Noticed Natasha
  1354 | D:3      | Killed Natasha
  1355 | D:3      | Reached skill level 4 in Shapeshifting
  1414 | D:3      | Noticed Ijyb
  1443 | D:3      | Reached XP level 5. HP: 27/48 MP: 4/4
  1454 | D:3      | Killed Ijyb
  1478 | D:3      | Noticed Natasha
  1490 | D:3      | Killed Natasha
  1491 | D:3      | Reached skill level 5 in Unarmed Combat
  1752 | D:3      | Reached * piety under Okawaru
  1838 | D:3      | Noticed Natasha
  1842 | D:3      | Killed Natasha
  1973 | D:3      | Found Neaty's Book Emporium.
  2004 | D:3      | Found an iron altar of Okawaru.
  2250 | D:4      | Found a hide-covered altar of Uskayaw.
  2266 | D:4      | Noticed a phantom
  2279 | D:4      | Killed a phantom
  2280 | D:4      | Reached XP level 6. HP: 40/57 MP: 5/5
  2294 | D:4      | Found a transporter.
  2303 | D:4      | Found a one-way gate to the infinite horrors of the Abyss.
  2303 | D:4      | Noticed RandomKimchi's ghost (novice OpNe)
  2387 | D:4      | Found a transporter.
  2761 | D:4      | Reached XP level 7. HP: 45/66 MP: 6/6
  2763 | D:4      | Reached ** piety under Okawaru
  2820 | D:4      | Reached skill level 5 in Shapeshifting
  2843 | D:4      | Found a glowing drain.
  2851 | Sewer    | Entered a sewer
  2899 | Sewer    | Noticed Pargi
  2904 | Sewer    | Killed Pargi
  3151 | D:5      | Entered Level 5 of the Dungeon
  3229 | D:5      | Noticed Edmund
  3246 | D:5      | Killed Edmund
  3320 | D:5      | Found a white marble altar of Elyvilon.
  3423 | D:5      | Reached XP level 8. HP: 64/75 MP: 7/7
  3423 | D:5      | Found an ancient bone altar of Kikubaaqudgha.
  3531 | D:5      | Found an opulent altar of Gozag.
  3531 | D:5      | Found a glowing silver altar of Zin.
  3650 | D:5      | Noticed Eustachio
  3661 | D:5      | Killed Eustachio
  3765 | D:5      | Identified a scroll of acquirement
  3765 | D:5      | Acquired 943 gold pieces
  3917 | D:6      | Reached *** piety under Okawaru
  3918 | D:6      | Reached skill level 6 in Shapeshifting
  4080 | D:6      | Noticed Jeremiah
  4119 | D:6      | Jeremiah changed into Jeremiah the water nymph
  4119 | D:6      | Noticed Jeremiah
  4127 | D:6      | Killed Jeremiah the water nymph
  4127 | D:6      | Reached **** piety under Okawaru
  4128 | D:6      | Reached XP level 9. HP: 74/84 MP: 8/8
  4203 | D:6      | Found a staircase to the Ecumenical Temple.
  4209 | D:6      | Noticed Duvessa
  4209 | D:6      | Noticed Dowan
  4222 | D:6      | Killed Duvessa
  4230 | D:6      | Killed Dowan
  4467 | D:6      | Found a hazy altar of Hepliaklqana.
  4593 | D:6      | Reached skill level 7 in Shapeshifting
  4625 | D:6      | Found a radiant altar of Vehumet.
  4633 | D:6      | Found an ornate altar of the Wu Jian Council.
  5294 | D:6      | Reached skill level 10 in Unarmed Combat
  5542 | D:7      | Found Eroudess's General Store.
  5634 | D:7      | Found a runed translucent gate.
  5634 | D:7      | Found a runed translucent gate.
  5640 | D:7      | Found a runed translucent gate.
  5640 | D:7      | Noticed naelc's ghost (novice TrFi)
  5640 | D:7      | Noticed a kobold demonologist
  5732 | D:7      | Reached skill level 5 in Fighting
  6056 | D:8      | Noticed Maurice
  6065 | D:8      | Killed Maurice
  6065 | D:8      | Reached ***** piety under Okawaru
  6217 | D:8      | Reached skill level 8 in Shapeshifting
  6217 | D:8      | Reached XP level 10. HP: 87/96 MP: 9/9
  6594 | D:8      | Noticed Pikel
  6616 | D:8      | Killed Pikel
  7519 | D:9      | Noticed an orange demon
  7541 | D:9      | Noticed a rust devil
  7545 | D:8      | Identified the +3 hat "Caloow" {Will++} (Okawaru gifted it
                  | to you on level 8 of the Dungeon)
  7545 | D:8      | Received a gift from Okawaru
  7702 | D:9      | Noticed a cyclops
  7866 | D:9      | Killed a cyclops
  7887 | D:9      | Found a staircase to the Orcish Mines.
  7914 | D:9      | Reached skill level 9 in Shapeshifting
  7922 | D:9      | Found a bloodstained altar of Trog.
  8362 | D:10     | Entered Level 10 of the Dungeon
  8367 | D:10     | Noticed an elephant
  8368 | D:10     | Found a staircase to the Lair.
  8523 | D:10     | Noticed a two-headed ogre
  8532 | D:10     | Killed a two-headed ogre
  8532 | D:10     | Reached ****** piety under Okawaru
  8533 | D:10     | Reached XP level 11. HP: 89/107 MP: 10/10
  8538 | D:10     | Noticed Josephine
  9387 | D:10     | Noticed Erolcha
  9394 | D:10     | Killed Erolcha
  9467 | D:10     | Killed Josephine
  9505 | D:10     | Noticed Maggie
  9514 | D:10     | Killed Maggie
  9514 | D:10     | Identified the +6 halberd "Xiudwimew" {freeze, rPois rC+++
                  | Will- rCorr Str+3} (Okawaru gifted it to you on level 10 of
                  | the Dungeon)
  9514 | D:10     | Received a gift from Okawaru
  9555 | D:10     | Found a blossoming altar of Fedhas.
 10099 | D:10     | Found a snail-covered altar of Cheibriados.
 11111 | D:11     | Found Dofiuwai's General Store.
 11480 | D:11     | Reached skill level 10 in Shapeshifting
 11617 | D:11     | Noticed a white ugly thing
 11625 | D:11     | Killed a green ugly thing
 12345 | Lair:1   | Entered Level 1 of the Lair of Beasts
 12421 | Lair:1   | Noticed a boulder beetle
 12433 | Lair:1   | Killed a boulder beetle
 12433 | Lair:1   | Received a gift from Okawaru
 12645 | Lair:1   | Reached XP level 12. HP: 87/119 MP: 11/11
 13145 | Lair:1   | Paralysed by a hornet for 3 turns
 13589 | Lair:1   | Reached skill level 11 in Shapeshifting
 14478 | Lair:2   | Noticed a four-headed hydra
 14495 | Lair:2   | Killed a four-headed hydra
 14495 | Lair:2   | Identified the +11 gold dragon scales of a volcano {rPois
                  | rF+ rC+ MP+9 Str+3} (Okawaru gifted it to you on level 2 of
                  | the Lair of Beasts)
 14495 | Lair:2   | Received a gift from Okawaru
 14774 | Lair:2   | Found a staircase to the Shoals.
 14898 | Lair:2   | Reached skill level 1 in Evocations
 14932 | Lair:2   | Noticed a seven-headed hydra
 14940 | Lair:2   | Killed a seven-headed hydra
 14941 | Lair:2   | Reached skill level 1 in Armour
 15027 | Lair:2   | Found a hole to the Spider Nest.
 15414 | Lair:2   | Found a runed translucent door.
 15414 | Lair:2   | Noticed a vampire mage
 15931 | Lair:3   | Reached skill level 10 in Fighting
 15954 | Lair:3   | Reached skill level 12 in Shapeshifting
 16189 | Lair:3   | Reached XP level 13. HP: 117/133 MP: 12/12
 16981 | Lair:4   | Found a staircase to the Slime Pits.
 16982 | Lair:4   | Found a viscous altar of Jiyva.
 17200 | Lair:4   | Reached skill level 1 in Invocations
 17273 | Lair:4   | Noticed Sonja
 17283 | Lair:4   | Killed Sonja
 17412 | Lair:4   | Received a gift from Okawaru
 17931 | Lair:5   | Entered Level 5 of the Lair of Beasts
 18341 | Lair:4   | Reached skill level 5 in Armour
 19073 | Lair:5   | Received a gift from Okawaru
 19515 | Lair:5   | Reached skill level 13 in Shapeshifting
 19891 | Lair:5   | Received a gift from Okawaru
 19905 | Lair:5   | Reached XP level 14. HP: 144/144 MP: 15/15
 20279 | Lair:5   | Received a gift from Okawaru
 20433 | Lair:5   | Identified the +10 scimitar "Voolekhlo" {elec, Str+8 Dex-2
                  | SInv}
 21000 | Orc:1    | Entered Level 1 of the Orcish Mines
 21166 | Orc:1    | Noticed Nergalle
 21179 | Orc:1    | Killed Nergalle
 21192 | Orc:1    | Noticed Urug
 21207 | Orc:1    | Killed Urug
 21223 | Orc:1    | Received a gift from Okawaru
 21463 | Orc:2    | Entered Level 2 of the Orcish Mines
 21791 | Orc:2    | Found a staircase to the Elven Halls.
 22521 | Orc:1    | Received a gift from Okawaru
 22765 | Orc:2    | Reached skill level 14 in Shapeshifting
 22901 | Orc:2    | Found Runytum's Assorted Antiques.
 22901 | Orc:2    | Found Vydemef's General Store.
 22958 | Orc:2    | Found Veuschi's Antique Armour Shoppe.
 22958 | Orc:2    | Found Enioxaly's Antique Weapon Boutique.
 23017 | Orc:2    | Bought a scroll of blinking for 105 gold pieces
 23146 | D:12     | Identified the +2 hat "Basot" {+Blink rC+ Dex-2} (Okawaru
                  | gifted it to you on level 12 of the Dungeon)
 23146 | D:12     | Received a gift from Okawaru
 23498 | D:12     | Reached XP level 15. HP: 105/154 MP: 17/17
 23839 | D:12     | Found Yxeenk Uliown's Distillery.
 23875 | D:12     | Found a faded altar of an unknown god.
 23875 | D:12     | Found a hazy altar of Hepliaklqana.
 24378 | D:13     | Identified the +0 pair of gloves "Tucrur Honi" {Contam
                  | rPois Int+3}
 24395 | D:13     | Reached skill level 10 in Armour
 24972 | Spider:1 | Entered Level 1 of the Spider Nest
 25314 | Spider:1 | Reached skill level 5 in Invocations
 26124 | Spider:1 | Identified the +5 mace "Leviticus" {freeze, rC+ Int+4}
 27297 | Spider:2 | Received a gift from Okawaru
 27965 | Spider:2 | Reached skill level 1 in Shields
 29059 | Spider:3 | Noticed an emperor scorpion
 29077 | Spider:3 | Killed an emperor scorpion
 30405 | D:14     | Found a sacrificial altar of Ru.
 30523 | D:14     | Received a gift from Okawaru
 30703 | D:14     | Found a gate to the Vaults.
 30708 | D:14     | You fall into a shaft and drop 1 floor!
 30708 | D:15     | Entered Level 15 of the Dungeon
 31334 | D:15     | Reached XP level 16. HP: 154/167 MP: 20/20
 31416 | D:15     | Found a staircase to the Depths.
 31606 | D:15     | Reached skill level 15 in Unarmed Combat
 31936 | D:15     | Found a basalt altar of Yredelemnul.
 32048 | D:15     | Identified the +8 short sword of Disharmony {freeze, rPois
                  | Will+ Int+5} (Okawaru gifted it to you on level 15 of the
                  | Dungeon)
 32048 | D:15     | Received a gift from Okawaru
 32426 | Shoals:1 | Entered Level 1 of the Shoals
 32683 | Shoals:1 | Found a frozen archway.
 32716 | Shoals:1 | Reached skill level 15 in Shapeshifting
 32887 | Shoals:1 | Identified the +1 spear of Famine {heavy, rPois rC++ SInv}
 32899 | Shoals:1 | Noticed Ruadaysu's ghost (adept NaSh)
 32903 | Shoals:1 | Identified the ring "Ceceageh" {rCorr MP+9 Stlth+}
 32905 | Shoals:1 | Found a runed translucent gate.
 32905 | Shoals:1 | Found a runed translucent gate.
 32905 | Shoals:1 | Found a runed translucent gate.
 32935 | Shoals:1 | Noticed Roxanne
 32952 | Shoals:1 | Killed Roxanne
 33132 | Shoals:1 | Identified the +6 spear of Exoneration {elec, Dex+3}
                  | (Okawaru gifted it to you on level 1 of the Shoals)
 33132 | Shoals:1 | Received a gift from Okawaru
 33498 | Shoals:2 | Reached skill level 1 in Throwing
 33771 | Shoals:2 | Found Xedat's Antique Armour Shop.
 33915 | Shoals:2 | Bought a kite shield for 130 gold pieces
 33950 | Shoals:2 | Noticed Ilsuiw
 33967 | Shoals:2 | Killed Ilsuiw
 34239 | Shoals:2 | Received a gift from Okawaru
 34734 | Shoals:3 | Identified the +0 robe of the Crypt {Rampage rCorr Int+3
                  | Archmagi} (Okawaru gifted it to you on level 3 of the
                  | Shoals)
 34734 | Shoals:3 | Received a gift from Okawaru
 34994 | Shoals:3 | Noticed Nikola
 35002 | Shoals:3 | Killed Nikola
 35003 | Shoals:3 | Reached XP level 17. HP: 178/178 MP: 21/21
 35590 | Shoals:4 | Entered Level 4 of the Shoals
 35595 | Shoals:4 | Reached skill level 16 in Shapeshifting
 35847 | Shoals:4 | Identified the +6 war axe of Doom {freeze, rElec Int+2
                  | Dex+3}
 36284 | Shoals:4 | Identified the +1 ring mail of the Stars {Drain rElec
                  | rPois}
 37308 | Shoals:4 | Noticed Mlioglotl
 37643 | Shoals:4 | Killed Mlioglotl
 37643 | Shoals:4 | Received a gift from Okawaru
 37771 | Shoals:4 | Reached skill level 5 in Throwing
 38032 | Shoals:4 | Got the Folio of Fog
 38056 | Shoals:4 | Got the Parchment of Sandy Black Arts
 38200 | Shoals:4 | Reached skill level 5 in Shields
 38229 | Shoals:4 | Reached skill level 17 in Shapeshifting
 38416 | Shoals:4 | Got a barnacled rune of Zot
 39056 | Spider:3 | Identified the +5 quarterstaff of Indomitability {flame,
                  | MP+9 Str+2}
 39097 | Spider:3 | Received a gift from Okawaru
 39918 | Spider:3 | Reached XP level 18. HP: 178/178 MP: 3/22
 40170 | Spider:4 | Entered Level 4 of the Spider Nest
 41210 | Spider:4 | Received a gift from Okawaru
 41740 | Spider:4 | Reached skill level 18 in Shapeshifting
 42085 | Spider:4 | Identified the scarf "Zerriw" {harm, Str-5 Dex+4}
 42092 | Spider:4 | Found the +2 hat of the Bear Spirit {Spirit, Bear, *Rage
                  | Will++}
 42103 | Spider:4 | Got a gossamer rune of Zot
 42391 | Vaults:1 | Entered Level 1 of the Vaults
 42513 | Vaults:1 | Received a gift from Okawaru
 42513 | Vaults:1 | Found the +5 Force Lance {heavy, knockback}
 42546 | Vaults:1 | Found a flickering gateway to a bazaar.
 42552 | Bazaar   | Entered a bazaar
 42556 | Bazaar   | Found Watagoh's Jewellery Boutique.
 42578 | Bazaar   | Found Ohegenof's Weapon Emporium.
 42599 | Bazaar   | Found Cocub's Antique Armour Boutique.
 42619 | Bazaar   | Found Amman's Antique Weapon Shoppe.
 42745 | Vaults:1 | Found the +1 cloak of Starlight {*Dazzle EV+4 Stlth--}
 42939 | Vaults:1 | HP: 3/244 [ironbound frostheart (11)]
 42939 | Vaults:1 | Annihilated by an ironbound frostheart

Illustrated notes

Levels and vault maps discovered:
D:1:      minmay_arrival_nine_rooms, layout_rooms, minmay_lizard_pond
D:2:      layout_loops_corners, chequers_ecumenical_altar_simple_redux,
          basic_altar
D:3:      minmay_roachtagon, layout_basic, mainiacjoe_overflow_surrounded_room,
          serial_forest, infiniplex_forest_lined_3,
          infiniplex_forest_lined_corner, infiniplex_forest_lined_room_2,
          infiniplex_forest_clump_long, infiniplex_forest_lined_3, serial_shops,
          nicolae_shop_tiny_real_fake_doors, amcnicky_mini_pool_small,
          minmay_starry_boxes, uniq_ijyb, uniq_natasha
D:4:      layout_loops_ring, mainiacjoe_overflow_alcove_1,
          gammafunk_ghost_abyssal_escape, lightli_sewer_entry_pipes,
          small_statue_intersection
D:5:      layout_basic, grunt_temple_overflow_gold_and_silver,
          mainiacjoe_overflow_alcove_2, elyvilon_altar_4, uniq_eustachio,
          uniq_edmund
D:6:      nicolae_cairo_tiling_very_big, layout_loops_corners,
          mainiacjoe_overflow_six_doors_small, mainiacjoe_overflow_big_doors,
          minmay_temple_entry_slanted, serial_bayou, serial_bayou_crossing,
          serial_bayou_pond_a, serial_bayou_pond_d, uniq_jeremiah, uniq_duvessa
D:7:      layout_basic, serial_shops, shop, gammafunk_ghost_nasty_kobolds
D:8:      layout_layer_cave, uniq_maurice, uniq_pikel
D:9:      layout_big_octagon, trog_butcher_becter, minmay_orc_entry_temple_small
D:10:     layout_loops_ring, fedhas_altar_3, kennysheep_slug_shrine,
          david_lair_generic, uniq_erolcha, uniq_maggie, uniq_josephine
D:11:     layout_layer_cave, serial_shops, shop
D:12:     layout_irregular_city, serial_column_ruins, column_ruins_hut_water,
          column_ruins_hut_ruined, column_ruins_open_medium,
          column_ruins_columns_corner, column_ruins_open_large,
          minmay_misc_feat_hallway, nicolae_stop_n_shop_2,
          beargit_hepliaklqana_dungeon_heroes
D:13:     layout_grid_maze, serial_glass, glass_columns_a, glass_columns_b
D:14:     layout_loops_ring, hellmonk_vaults_keyhole, nicolae_ru_awakened_eye,
          kennysheep_cross_bottleneck, amcnicky_mini_rare_corridor_liquid,
          drop_trap
D:15:     hellmonk_depths_entry_around_the_bend, layout_irregular_city,
          serial_glass, glass_columns_c, glass_columns_a, glass_columns_a,
          glass_columns_c, glass_columns_a, glass_columns_a,
          nicolae_nh_vlads_tower
Lair:1:   layout_big_grid, pdpol_lair_cavern_descent, serial_bayou_shore_a,
          grunt_megastairs_5
Lair:2:   layout_regular_city, shoals_dummy_entry, spider_nest_entry_rubble,
          enter_volcano_4, pdpol_lair_cabin_in_the_woods, grunt_megastairs_3
Lair:3:   layout_loops_ring, forest_entry_grove, infiniplex_staircase_pool,
          lemuel_fruit_fields, lemuel_fruit_fields
Lair:4:   layout_regular_city, dpeg_slime_entry_corner, bh_autumn_forest_stairs,
          uniq_sonja
Lair:5:   hangedman_lair_in_review, layout_regular_city,
          guppyfry_lair_end_dragon
Shoals:1: layout_shoals, gammafunk_ghost_split,
          portal_ice_cave_entry_ice_statue_one, uniq_roxanne
Shoals:2: layout_shoals, serial_shops, shop, uniq_ilsuiw
Shoals:3: layout_shoals, uniq_nikola
Shoals:4: shoals_end_simple, layout_shoals, uniq_mlioglotl
Spider:1: layout_spider_delve
Spider:2: layout_spider_delve, nicolae_spider_eight_legs,
          nicolae_spider_cling_halls
Spider:3: nicolae_spider_hilbert_zone_1 [nicolae_spider_hilbert_4_sides_1_open,
          nicolae_spider_hilbert_4_sides_1_open,
          nicolae_spider_hilbert_4_sides_1_open,
          nicolae_spider_hilbert_4_sides_1_open,
          nicolae_spider_hilbert_3_sides_1_open,
          nicolae_spider_hilbert_3_sides_1_open,
          nicolae_spider_hilbert_3_sides_1_open,
          nicolae_spider_hilbert_3_sides_1_open,
          nicolae_spider_hilbert_3_sides_1_open,
          nicolae_spider_hilbert_6_sides_1_open,
          nicolae_spider_hilbert_6_sides_1_open,
          nicolae_spider_hilbert_3_sides_1_open,
          nicolae_spider_hilbert_3_sides_1_open,
          nicolae_spider_hilbert_3_sides_1_open,
          nicolae_spider_hilbert_3_sides_1_open,
          nicolae_spider_hilbert_2_sides_1_open], nicolae_spider_swamp_cousins
Spider:4: hellmonk_spider_rune_bug_friends
Orc:1:    layout_caves, basic_altar, uniq_nergalle, uniq_urug
Orc:2:    st_orc_ogre_mass, layout_caves, mines3_lemuel
Vaults:1: vaults_mumra_chevron, grunt_vaults_trifunnel, v_pattern_5,
          nicolae_vaults_storage_closets_2, vaults_standard_mumra_x,
          nicolae_vaults_closet_pinwheel_1, grunt_vaults_twisty,
          nicolae_vaults_little_squares_6, nicolae_vaults_enemy_cabinets,
          layout_vaults_chaotic_city, serial_shops, bzr_entry_safe

Skill      XL: |  1  2  3  4  5  6  7  8  9 10 11 12 13 14 15 16 17 18 |
---------------+-------------------------------------------------------+-----
Fighting       | 1 2 3 4 5 6 8 10 11 12 13 | 13.8
Unarmed Combat | 4 5 6 7 9 11 13 14 16 | 16.0
Shapeshifting  | 4 5 6 8 9 10 12 13 14 15 17 18 | 18.5
Dodging        | 3 4 |  4.7
Evocations     | 1 2 |  2.2
Armour         | 2 7 9 10 11 | 11.0
Invocations    | 3 4 6 7 |  7.4
Shields        | 3 4 7 |  7.2
Throwing       | 3 5 7 |  7.5

Action                     |  1- 3 |  4- 6 |  7- 9 | 10-12 | 13-15 | 16-18 || total
---------------------------+-------+-------+-------+-------+-------+-------++-------
  Melee: Unarmed           |   109 |   215 |   295 |   584 |  1255 |  1001 ||  3459
         Punch             |       |     1 |       |       |       |    22 ||    23
  Throw: Dart              |       |       |       |       |       |    20 ||    20
         Boomerang         |       |       |       |       |       |    52 ||    52
 Invoke: Heroism           |       |       |       |       |     2 |     1 ||     3
  Evoke: Wand              |       |       |     2 |    20 |    35 |     5 ||    62
    Use: Scroll            |       |     4 |    12 |     8 |    10 |    10 ||    44
         Potion            |       |     1 |     3 |     3 |     7 |    14 ||    28
   Stab: Distracted        |       |       |       |       |     1 |       ||     1
         Paralysed         |       |       |       |       |     1 |       ||     1
         Invisible         |       |       |       |       |       |     1 ||     1
 Armour: Animal skin       |    61 |   124 |    15 |       |       |       ||   200
         Skin              |       |    14 |       |       |       |  1349 ||  1363
         Troll leather arm |       |       |    94 |       |       |       ||    94
         Steam dragon scal |       |       |    79 |   481 |       |       ||   560
         Gold dragon scale |       |       |       |   105 |  1755 |   340 ||  2200
  Dodge: Dodged            |    38 |    71 |   132 |   264 |   404 |   647 ||  1556
  Block: Other             |       |       |       |       |    83 |   162 ||   245
         Reflection        |       |       |       |       |       |    34 ||    34
         Kite shield       |       |       |       |       |       |   564 ||   564
   Form: Flux              |     1 |       |       |       |     1 |       ||     2
         Beast             |       |       |       |       |     1 |       ||     1
         Statue            |       |       |       |       |       |     1 ||     1

Table legend: (Time is in decaauts)
 A = Elapsed time spent in this place.
 B = Non-inter-level travel time spent in this place.
 C = Inter-level travel time spent in this place.
 D = Time resting spent in this place.
 E = Time spent auto-exploring this place.
 F = Levels seen in this place.
 G = Mean time per level.
                   A        B        C        D        E       F      G
               +--------+--------+--------+--------+--------+-----+--------+
         Total |  47162 |  43561 |   3601 |  14802 |  16682 |  33 | 1429.2 |
       Dungeon |  16581 |  15486 |   1095 |   2960 |   9131 |  15 | 1105.4 |
          Lair |   9071 |   8317 |    754 |   2840 |   3237 |   5 | 1814.2 |
        Shoals |   8682 |   8023 |    659 |   3811 |   1616 |   4 | 2170.5 |
   Spider Nest |   9824 |   9157 |    667 |   4457 |   2091 |   4 | 2456.0 |
  Orcish Mines |   2019 |   1854 |    165 |    732 |    439 |   2 | 1009.5 |
        Vaults |    602 |    345 |    257 |      2 |      0 |   1 |  602.0 |
        Bazaar |    224 |    224 |      0 |      0 |    127 |   1 |  224.0 |
         Sewer |    156 |    156 |      0 |      0 |     41 |   1 |  156.0 |
               +--------+--------+--------+--------+--------+-----+--------+

Top non-repeatable levels by time:
Spider:3: 4289 daAuts
Shoals:3: 3146 daAuts
Spider:2: 2668 daAuts
  Lair:1: 2350 daAuts
Shoals:4: 2292 daAuts
Shoals:2: 1945 daAuts
     D:9: 1898 daAuts
  Lair:5: 1859 daAuts
  Lair:4: 1757 daAuts
  Lair:2: 1728 daAuts
    D:11: 1716 daAuts
     D:8: 1652 daAuts
     D:6: 1570 daAuts
Spider:1: 1458 daAuts
Spider:4: 1407 daAuts
